Description

Maru's timing attack from GSL Code S vs Trap

Build Order

Get SALT Encoding   

  14  0:17  Supply Depot  
  15  0:40  Barracks  
  16  0:44  Refinery  
  19  1:27  Reaper, Orbital Command  
  20  1:41  Command Center  
  21  1:53  Supply Depot  
  21  1:59  Marine  constant
  23  2:06  Bunker  
  23  2:15  Factory  
  24  2:22  Barracks Reactor  
  24  2:29  Refinery  
  27  2:55  Orbital Command  
  27  2:58  Marine x2  
  29  2:59  Factory Tech Lab  
  29  3:03  Starport  
  36  3:20  Cyclone  
  37  3:27  Supply Depot  
  39  3:36  Barracks  
  40  3:46  Viking  
  44  3:55  Engineering Bay  
  48  4:07  Factory Tech Lab  
  48  4:13  Refinery  
  50  4:15  Supply Depot  double supply constant prod
  52  4:23  Raven  
  54  4:30  Barracks  
  54  4:36  Terran Infantry Weapons Level 1  
  60  4:52  Stimpack  
  64  5:18  Factory Reactor, Starport Reactor  
  66  5:21  Marauder  constant
  58  5:24  Combat Shield  
  78  5:55  Medivac x2, Widow Mine x2  2
  95  6:24  Command Center  
  70  7:25  Barracks  2 barracks and gogo lategame
Spawning Tool Build Advisor. Get it on Overwolf

Go to:

Details

  • Created by: dimatovs  
  • Published on: Jul 06, 2020
  • Modified on: Jul 06, 2020
  • Patch: 4.11.0
  • Difficulty: Hard
Show
View Real Time Build Order
Export as new Build Order

Comments (0)

There are no comments. Be the first!

Create an account to comment!